 Dungeon Crawl Stone Soup version 0.19.4 (webtiles) character file.

210 Jynx the Firebug (level 5, -2/28 HPs)
             Began as a Deep Elf Fire Elementalist on Jan 31, 2017.
             Killed by nerve-wracking pain
             ... invoked by an orc priest
              (6 damage)
             ... on level 4 of the Dungeon.
             The game lasted 00:04:08 (3394 turns).

Jynx the Firebug (Deep Elf Fire Elementalist)       Turns: 3394, Time: 00:04:08

Health: -2/28      AC:  3    Str:  5    XL:     5   Next: 56%
Magic:  3/14       EV: 13    Int: 21    God:
Gold:   78         SH:  0    Dex: 15    Spells: 3 memorised, 5 levels left

rFire  . . .     SeeInvis .     (no weapon)
rCold  . . .     Gourm    .     a - +1 robe
rNeg   . . .     Faith    .     (no shield)
rPois  +         Spirit   .     (no helmet)
rElec  .         Reflect  .     (no cloak)
rCorr  .         Harm     .     (no gloves)
MR     .....                    (no boots)
Stlth  ++........               (no amulet)
                                (no ring)
                                v - ring of poison resistance

@: no status effects
A: no striking features
a: no special abilities


You were on level 4 of the Dungeon.
You were not hungry.

You visited 1 branch of the dungeon, and saw 4 of its levels.

You collected 78 gold pieces.

Inventory:

Armour
 a - a +1 robe (worn)
Jewellery
 n - a +3 amulet of reflection
 v - a ring of poison resistance (left hand)
Wands
 p - a wand of confusion (33/48)
 w - a wand of lightning (8/15)
Scrolls
 e - a scroll of teleportation
 l - a scroll of identify
 m - 2 scrolls of remove curse
 q - 2 scrolls of magic mapping
 t - 2 scrolls of amnesia
Potions
 h - a potion of mutation
 i - a potion of brilliance
 j - a potion of curing
 k - a potion of heal wounds {unknown}
 o - a potion of haste {unknown}
 u - a potion of beneficial mutation {unknown}
 z - a potion of ambrosia {unknown}
Books
 b - a book of Flames

   Spells                             Type                      Level
   a - Flame Tongue                   Conjuration/Fire             1
   b - Throw Flame                    Conjuration/Fire             2
   c - Conjure Flame                  Conjuration/Fire             3
   d - Inner Flame                    Hexes/Fire                   3
   e - Sticky Flame                   Conjuration/Fire             4
   f - Fireball                       Conjuration/Fire             5
 y - a book of Cantrips

   Spells                             Type                      Level
   a - Confusing Touch                Hexes                        1
   b - Animate Skeleton               Necromancy                   1
   c - Summon Small Mammal            Summoning                    1
   d - Apportation                    Translocation                1
Comestibles
 c - 4 bread rations
 d - a slice of pizza
 f - a beef jerky
 g - 2 meat rations
 r - a royal jelly
 x - 2 fruits


   Skills:
 - Level 2.4 Dodging
 - Level 2.4 Stealth
 + Level 4.8 Spellcasting
 + Level 2.9 Conjurations
 * Level 5.4 Fire Magic


You had 5 spell levels left.
You knew the following spells:

 Your Spells              Type           Power        Failure   Level  Hunger
a - Flame Tongue          Conj/Fire      ###..        1%          1    None
b - Conjure Flame         Conj/Fire      ###.....     10%         3    ##.....
c - Sticky Flame          Conj/Fire      ###.....     24%         4    ####...


Dungeon Overview and Level Annotations

Branches:
Dungeon (4/15)
 Temple: D:4-7

Altars:
Ashenzari
Nemelex Xobeh


Message History

Casting: Flame Tongue
Confirm with . or Enter, or press ? or * to list all spells.
Aiming: Flame Tongue
Press: ? - help, Shift-Dir - straight line, f - orc priest
Aim: an orc priest, wielding a flail and wearing a scale mail The flame tongue hits the orc priest.
The orc priest is lightly wounded.
The orc priest invokes the aid of Beogh against you.
Pain shoots through your body!
* * * LOW HITPOINT WARNING * * *
Casting: Flame Tongue
Confirm with . or Enter, or press ? or * to list all spells.
Aiming: Flame Tongue
Press: ? - help, Shift-Dir - straight line, f/p - orc priest
Aim: an orc priest, wielding a flail and wearing a scale mail (lightly wounded)
The flame tongue hits the orc priest.
The orc priest appears unharmed.
The orc priest is lightly wounded.
The orc priest invokes the aid of Beogh against you.
Pain shoots through your body!
You die...

#.....
#.......##########.....
#.......#..............
#.......#..............
#.......#............>.
#.......#..............
#.......#.........#'###
#....))o#.........#....
#.....@.#.........#....
#.......#.........#....
#.......'.........#....
#.......#.........#....
#.......#.........#....
#########...(.....#....
###########.... #.....
#.....


You could see an orc priest.

Vanquished Creatures
  An orc wizard (D:4)
  An iguana (D:4)
  Ijyb (D:2)
  Terence (D:2)
  A worker ant (D:4)
  An adder (D:1)
  2 worms
  A dart slug (D:1)
  A leopard gecko (D:2)
  5 orcs
  2 giant cockroaches
  6 goblins
  12 hobgoblins
  3 quokkas
  A ball python (D:1)
  6 bats
  4 frilled lizards (D:1)
  6 kobolds
  5 rats
60 creatures vanquished.

Notes
Turn   | Place    | Note
-------+----------+-------------------------------------------
     0 | D:1      | Jynx the Deep Elf Fire Elementalist began the quest for the Orb.
     0 | D:1      | Reached XP level 1. HP: 10/10 MP: 6/6
   442 | D:1      | Reached XP level 2. HP: 4/15 MP: 0/8
   748 | D:1      | Reached skill level 4 in Fire Magic
   853 | D:1      | Reached XP level 3. HP: 19/19 MP: 6/9
   858 | D:1      | Learned a level 3 spell: Conjure Flame
  1780 | D:2      | Noticed Terence
  1791 | D:2      | Killed Terence
  1791 | D:2      | Reached XP level 4. HP: 22/24 MP: 3/11
  1908 | D:2      | Noticed Ijyb
  1919 | D:2      | Killed Ijyb
  2477 | D:3      | Found a faded altar of an unknown god.
  2645 | D:3      | Found a sparkling altar of Nemelex Xobeh.
  2645 | D:3      | Found a shattered altar of Ashenzari.
  2968 | D:4      | Reached skill level 5 in Fire Magic
  2968 | D:4      | Reached XP level 5. HP: 28/28 MP: 7/13
  3333 | D:4      | Learned a level 4 spell: Sticky Flame
  3394 | D:4      | Killed from afar by an orc priest

Skill      XL: |  1  2  3  4 |
---------------+-------------+-----
Fire Magic     | 4 5 |  5.4
Conjurations   | 2 |  2.9
Spellcasting   | 4 |  4.8
Dodging        | |  2.4
Stealth        | |  2.4

Action                   |  1- 3 |  4- 6 || total
-------------------------+-------+-------++-------
Melee: Unarmed           |       |     1 ||     1
 Cast: Flame Tongue      |    57 |    70 ||   127
  Use: Scroll            |     6 |    10 ||    16
  Eat: Chunk             |     2 |     5 ||     7
Armor: Robe              |     1 |     6 ||     7
Dodge: Dodged            |    16 |    10 ||    26
